[Event "Early-Titled-Tuesday-Blitz-December-26-2023"]
[Site "Chess.com"]
[Date "2023.12.26"]
[Round "9"]
[White "tantaan"]
[Black "GoValya"]
[Result "1-0"]
[WhiteElo "2480"]
[BlackElo "2299"]
[TimeControl "180+1"]
[EndTime "9:45:28 PST"]
[Termination "tantaan won on time"]

1. e4 e6 2. d4 d5 3. Nc3 Nf6 4. e5 Nfd7 5. f4 c5 6. Nf3 Nc6 7. Be3 a6 8. Qd2 b5 9. Nd1 Bb7 10. c3 b4 11. Bd3 bxc3 12. bxc3 cxd4 13. cxd4 Bb4 14. Nc3 Qa5 15. Rc1 Rc8 16. a3 Qxa3 17. O-O Na5 18. f5 Nb3 19. Nb1 Nxd2 20. Nxa3 Nxf3+ 21. gxf3 Bxa3 22. Rb1 Rc7 23. Rb3 Be7 24. Rfb1 Bc6 25. fxe6 fxe6 26. f4 O-O 27. f5 exf5 28. Bf4 g5 29. Bd2 f4 30. Ba5 Rcc8 31. Bxa6 Ra8 32. Bb7 Rxa5 33. Bxc6 Rd8 34. Rb7 Ra6 35. Bxd7 Ba3 36. Bf5 f3 37. Bxh7+ Kh8 38. Bd3 1-0

[Event "Early-Titled-Tuesday-Blitz-December-26-2023"]
[Site "Chess.com"]
[Date "2023.12.26"]
[Round "9"]
[White "chessdiamant"]
[Black "Zurability"]
[Result "1/2-1/2"]
[WhiteElo "2597"]
[BlackElo "2701"]
[TimeControl "180+1"]
[EndTime "9:45:29 PST"]
[Termination "Game drawn by repetition"]

1. d4 Nf6 2. Nf3 e6 3. Bf4 b6 4. e3 Bb7 5. h3 Be7 6. Be2 O-O 7. O-O c5 8. c3 d6 9. Nbd2 Nbd7 10. Bh2 cxd4 11. exd4 Re8 12. a4 a6 13. Qb3 Bd5 14.
Bc4 Qc7 15. Bxd5 Nxd5 16. c4 N5f6 17. a5 Rab8 18. axb6 Rxb6 19. Qc2 Qb7 20. b3 Rc8 21. Ra5 Nd5 22. Rfa1 Nb4 23. Qc3 Bf6 24. Qc1 Nc6 25. R5a4 Nxd4 26. Nxd4 Bxd4 27. R1a2 Nc5 28. R4a3 Bxf2+ 29. Kh1 Be3 30. Rb2 Nd3 31. Qc2 Nxb2 32. Qxb2 Bxd2 33.
Qxd2 Rxb3 34. Bxd6 Rxa3 35. Bxa3 h5 36. Bb2 Rxc4 37. Qd8+ Kh7 38. Qd2 f6 39. Qe2 Qe4 40.
Qxh5+ Kg8 41. Qe8+ Kh7 42. Qh5+ Kg8 43. Qe8+ Kh7 44. Qh5+ 1/2-1/2

[Event "Early-Titled-Tuesday-Blitz-December-26-2023"]
[Site "Chess.com"]
[Date "2023.12.26"]
[Round "9"]
[White "Elsa167"]
[Black "NovozhilovSemen"]
[Result "1-0"]
[WhiteElo "2986"]
[BlackElo "2777"]
[TimeControl "180+1"]
[EndTime "9:45:30 PST"]
[Termination "Elsa167 won by resignation"]

1. d4 Nf6 2. c4 e6 3. Nf3 d5 4. Nc3 Bb4 5. Bg5 h6 6. Bxf6 Qxf6 7. e3 O-O 8. Rc1 a6 9. Qb3 Bxc3+ 10. Qxc3 c6 11.
Bd3 Nd7 12. O-O Rd8 13. b4 dxc4 14. Bxc4 b6 15. Be2 Bb7 16. Rfd1 Rac8 17. Qb2 Rb8 18. Qc3 Rbc8 19. a4 c5 20. dxc5 Qe7 21. Ne5 bxc5 22.
b5 Nf6 23. bxa6 Ba8 24. Rxd8+ Qxd8 25. Bb5 Ne4 26. Qe1 Qd5 27. Nc4 Rb8 28. f3 Ng5 29. e4 Qd8 30. Rd1 Qc7 31. Qd2 f6 32. Qd6 Qa7 33.
h4 Nf7 34. Qxe6 Rf8 35. Rd7 Qb8 36. Nd6 Qb6 37. Rxf7 c4+ 38. Kh2 Rxf7 39. Qxf7+ Kh7 40. Nxc4 Qb8+ 41. e5 Qd8 42. h5 fxe5 43. Qg6+ Kh8 44. Qe8+ 1-0

[Event "Early-Titled-Tuesday-Blitz-December-26-2023"]
[Site "Chess.com"]
[Date "2023.12.26"]
[Round "9"]
[White "Witik"]
[Black "karinachess1"]
[Result "1-0"]
[WhiteElo "2729"]
[BlackElo "2569"]
[TimeControl "180+1"]
[EndTime "9:45:33 PST"]
[Termination "Witik won by resignation"]

1. d4 Nf6 2. c4 e6 3. g3 d5 4. Nf3 dxc4 5. Bg2 Nc6 6. O-O Rb8 7.
Nc3 b5 8. e4 Be7 9. d5 Nb4 10.
Nd4 Bd7 11. dxe6 fxe6 12. e5 Ng8 13. Qg4 g6 14. Be3 c5 15. Nxe6 Qc8 16. Ng7+ Kf7 17.
e6+ Bxe6 18. Nxe6 Qxe6 19. Qf3+ Nf6 20. Ne4 Qxe4 21. Qxe4 Nxe4 22. Bxe4 Rhd8 23. a4 a6 24.
axb5 axb5 25. Ra7 Kf6 26. Rxe7 Kxe7 27. Bxc5+ Ke6 28. Bxb4 Ke5 29. Re1 Kd4 30. f3 Re8 31. Kf2 Rbd8 32. Ba5 Rb8 33. Bb4 Rbd8 34. h4 c3 35.
Bxc3+ Kc4 36. Re2 b4 37. Bf6 Rc8 38. g4 Kb3 39. Bd5+ Ka4 40. Rxe8 Rxe8 41. Bc6+ 1-0

[Event "Early-Titled-Tuesday-Blitz-December-26-2023"]
[Site "Chess.com"]
[Date "2023.12.26"]
[Round "9"]
[White "margarita_2703"]
[Black "CFalcons8"]
[Result "1-0"]
[WhiteElo "2351"]
[BlackElo "2232"]
[TimeControl "180+1"]
[EndTime "9:45:33 PST"]
[Termination "margarita_2703 won by resignation"]

1. e4 e5 2. Nf3 Nc6 3. Bc4 Bc5 4. O-O d6 5. b4 Bxb4 6. c3 Ba5 7. d4 Nf6 8. Bg5 h6 9. Bh4 g5 10. Bg3 Qe7 11.
d5 Nd8 12. Qa4+ Bd7 13. Qxa5 Nxe4 14. Nbd2 Nxd2 15. Nxd2 b6 16. Qb4 a5 17. Qb1 f5 18.
f3 O-O 19. Bd3 Nb7 20. c4 Nc5 21. Bc2 Qg7 22. Bf2 Na6 23. a3 Rab8 24. Bd3 c6 25. Qc2 cxd5 26. cxd5 Nc5 27. Bxc5 dxc5 28. a4 Qf6 29.
Bc4 Qd6 30. Qd3 Rbe8 31. Rad1 Kh8 32. Bb5 Bxb5 33. axb5 Qg6 34. Nc4 e4 35. fxe4 fxe4 36. Rxf8+ Rxf8 37. Qc3+ Kh7 38. Rf1 Rxf1+ 39. Kxf1 Qf5+ 40.
Ke1 Qxd5 41. Ke2 Qe6 42. Ne3 Qa2+ 43. Qd2 Qb3 44. Qd7+ Kg6 45. Qf5+ Kg7 46. Qxe4 Qxb5+ 47. Kf3 Qd7 48. Nf5+ Kf6 49. Ne3 Qe6 50. Ng4+ Ke7 51. Qb7+ Qd7 52. Qxb6 Qf5+ 53. Kg3 Qd3+ 54. Kf2 Qd4+ 55.
Ne3 Qd2+ 56. Kf3 Qd4 57. Nf5+ 1-0

[Event "Early-Titled-Tuesday-Blitz-December-26-2023"]
[Site "Chess.com"]
[Date "2023.12.26"]
[Round "9"]
[White "jeetjain"]
[Black "Yurasova_Daria"]
[Result "0-1"]
[WhiteElo "2568"]
[BlackElo "2476"]
[TimeControl "180+1"]
[EndTime "9:45:35 PST"]
[Termination "Yurasova_Daria won by resignation"]

1. Nf3 d5 2. g3 c6 3. Bg2 Nf6 4. O-O Bf5 5. d3 e6 6. Nbd2 Bg6 7. c4 Nbd7 8. b3 Be7 9. Bb2 O-O 10. a3 a5 11. Re1 h6 12. e4 Re8 13. e5 Nh7 14. d4 Nhf8 15. h4 a4 16. b4 dxc4 17. Nxc4 Nb6 18. Nxb6 Qxb6 19. Nd2 Nd7 20. h5 Bh7 21. f4 Rad8 22. Nc4 Qa7 23. Kh2 Nb8 24. Qf3 Na6 25. Rad1 Nc7 26. g4 Nd5 27. f5 Bg5 28. Nd6 Rxd6 29.
exd6 Qb8 30. Bc1 Bh4 31. Re2 Qxd6+ 32. Kh1 Rf8 33. Qh3 Bf6 34. fxe6 fxe6 35. Rde1 Bxd4 36. Rxe6 Qd7 37. g5 Bf5 38. Qh4 Bxe6 39. Qxd4 Bh3 40. gxh6 Bxg2+ 41. Kxg2 Nf4+ 42. Qxf4 Rxf4 43. Bxf4 Qd5+ 44.
Kg3 gxh6 45. Re5 Qd3+ 46. Re3 Qd1 47. Re5 Qg1+ 48. Kf3 Qa1 49. Re3 Qd1+ 50. Ke4 Qxh5 51. Rd3 Qg6+ 52. Ke3 Qe6+ 53. Kf3 h5 54. Re3 Qd5+ 55.
Kg3 Qf5 56. Re5 Qg4+ 0-1

[Event "Early-Titled-Tuesday-Blitz-December-26-2023"]
[Site "Chess.com"]
[Date "2023.12.26"]
[Round "9"]
[White "PeshkaCh"]
[Black "BogdanDeac"]
[Result "0-1"]
[WhiteElo "2840"]
[BlackElo "3011"]
[TimeControl "180+1"]
[EndTime "9:45:36 PST"]
[Termination "BogdanDeac won by checkmate"]

1. Nf3 d5 2. d4 Nf6 3. c4 e6 4.
Nc3 Nbd7 5. Bg5 h6 6. Bh4 Be7 7. e3 O-O 8. cxd5 Nxd5 9. Bxe7 Qxe7 10. Bd3 Nxc3 11. bxc3 b6 12. Be4 Rb8 13. O-O c5 14. Qa4 Nf6 15. Bc6 Qc7 16. Ne5 a6 17.
Rfd1 Rd8 18. h3 Nd5 19. Bxd5 exd5 20. Qa3 c4 21. Rab1 f6 22. Ng6 Kf7 23. Nf4 b5 24. Re1 a5 25. f3 g5 26. Nh5 Bf5 27. e4 Bg6 28. exd5 Rxd5 29. Re4 b4 30. Qa4 Bxh5 31. cxb4 Bg6 32. Qc2 Rxd4 33. Qf2 Rxe4 34. fxe4 Qb6 35. a3 Qxf2+ 36. Kxf2 axb4 37. axb4 Bxe4 38. Re1 f5 39. g4 Rxb4 40. gxf5 Bxf5 41. Re5 Kf6 42. Rc5 Rb2+ 43.
Kg3 Rb3+ 44. Kf2 c3 45. Kg3 c2+ 46. Kf2 Rb1 47. Rc6+ Ke7 48. Rc7+ Kd6 49. Rc3 c1=Q 50. Rxc1 Rxc1 51. Kg2 Rc3 52. Kh2 h5 53. Kg1 h4 54. Kg2 Ke5 55. Kh2 Kf4 56. Kg2 Be4+ 57. Kg1 Rc1+ 58. Kh2 Rc2+ 59. Kg1 Bd3 60. Kh1 Kg3 61.
Kg1 Rc1# 0-1

[Event "Early-Titled-Tuesday-Blitz-December-26-2023"]
[Site "Chess.com"]
[Date "2023.12.26"]
[Round "9"]
[White "ProfessorChess101"]
[Black "sokidze"]
[Result "0-1"]
[WhiteElo "2599"]
[BlackElo "2768"]
[TimeControl "180+1"]
[EndTime "9:45:38 PST"]
[Termination "sokidze won by resignation"]

1. e4 c5 2. Nf3 Nc6 3. d4 cxd4 4.
Nxd4 g6 5. c4 Nf6 6. Nc3 d6 7.
Be2 Nxd4 8. Qxd4 Bg7 9. Be3 O-O 10. Qd2 a5 11. O-O a4 12. Rad1 Qa5 13. f3 Be6 14. Nd5 Nxd5 15. cxd5 Bd7 16. a3 Rfc8 17. Bd3 Bb5 18.
Rf2 Qxd2 19. Rfxd2 Bxd3 20. Rxd3 Bxb2 21. Rb1 Rc2 22. Bd4 Bxd4+ 23. Rxd4 Ra2 24. Rd3 Rc8 25. f4 Rcc2 26. Rg3 b5 27. h4 Rab2 28. Ra1 Re2 29.
Rc1 Rxe4 30. Rc7 Rb3 31. Rg4 Rxa3 32. h5 Kg7 33. Rc8 Ra1+ 34. Kh2 a3 35. h6+ Kf6 36. Rg3 b4 37. f5 Rh4+ 38. Rh3 Rxh3+ 39. Kxh3 b3 40.
fxg6 Kxg6 0-1

[Event "Early-Titled-Tuesday-Blitz-December-26-2023"]
[Site "Chess.com"]
[Date "2023.12.26"]
[Round "9"]
[White "Alenzer"]
[Black "CuattroPrincesses"]
[Result "0-1"]
[WhiteElo "2077"]
[BlackElo "2294"]
[TimeControl "180+1"]
[EndTime "9:45:38 PST"]
[Termination "CuattroPrincesses won by resignation"]

1. e4 c5 2. Nf3 d6 3. c3 Nf6 4. h3 Nbd7 5. Bd3 b6 6. Bc2 Bb7 7. Qe2 Qc7 8. O-O Rc8 9. Na3 a6 10. d3 e6 11. Bf4 Be7 12. Rfe1 e5 13. Bg5 h6 14. Be3 O-O 15. Rad1 Rfe8 16. Bb3 b5 17.
Nh4 d5 18. exd5 Nxd5 19. Nf5 Bf8 20. Qg4 Kh8 21. Bc1 N7f6 22. Qh4 Qc6 23. Nxh6 gxh6 24. Bxh6 Bxh6 25. Qxh6+ Nh7 26. Qh5 Nxc3 27. f3 Nxd1 28.
Rxd1 Qg6 29. Bxf7 Qxh5 30. Bxh5 Rg8 31. Bg4 Rcd8 32. Nc2 Nf6 33. Ne3 Nxg4 34. Nxg4 e4 35. fxe4 Bxe4 36. Nf6 Rxd3 37. Rxd3 Bxd3 38. Nxg8 Kxg8 39.
Kf2 Kf7 40. Ke3 Bf1 41. Kf2 Bc4 42. g4 Bxa2 43. Ke3 Ke6 44. h4 Ke5 45. h5 Bf7 46. Kd3 Kf4 0-1

[Event "Early-Titled-Tuesday-Blitz-December-26-2023"]
[Site "Chess.com"]
[Date "2023.12.26"]
[Round "9"]
[White "GMJustin"]
[Black "Romn69"]
[Result "1-0"]
[WhiteElo "2246"]
[BlackElo "2349"]
[TimeControl "180+1"]
[EndTime "9:45:39 PST"]
[Termination "GMJustin won on time"]

1. e4 c5 2. Nf3 e6 3. d4 cxd4 4. Nxd4 Nc6 5. Nc3 Qc7 6. Qd3 a6 7. Nxc6 dxc6 8. Qg3 e5 9. f4 Nf6 10. fxe5 Nh5 11. Qf3 Qxe5 12. Bc4 Nf6 13. Bf4 Qc5 14. Bb3 Bg4 15. Qg3 Bh5 16. e5 Nd5 17. Nxd5 cxd5 18. Be3 Qc6 19. O-O Bc5 20. Bxc5 Qxc5+ 21. Kh1 O-O 22.
c3 Rad8 23. Qh4 Bg6 24. Rad1 d4 25. cxd4 Qb6 26. d5 Rfe8 27. e6 fxe6 28. dxe6 Rxd1 29.
Rxd1 Kh8 30. h3 h6 31. e7 Qe3 32. Rd8 Kh7 33. Rxe8 Bxe8 34. Bc2+ Bg6 35. Bxg6+ Kxg6 36. Qg4+ Kf7 37. Qd7 1-0

[Event "Early-Titled-Tuesday-Blitz-December-26-2023"]
[Site "Chess.com"]
[Date "2023.12.26"]
[Round "9"]
[White "bazar-wokzal"]
[Black "secrethawk1"]
[Result "1-0"]
[WhiteElo "2645"]
[BlackElo "2463"]
[TimeControl "180+1"]
[EndTime "9:45:41 PST"]
[Termination "bazar-wokzal won on time"]

1. e4 c5 2. c3 d5 3. exd5 Qxd5 4. d4 Nf6 5. Nf3 Bg4 6. dxc5 Qxd1+ 7. Kxd1 Nc6 8. b4 O-O-O+ 9. Kc2 g6 10. Bb5 Bg7 11. Bxc6 bxc6 12. Ne5 Bf5+ 13. Kb2 Rhf8 14. Nxc6 Rd7 15.
Na3 Ne4 16. f3 Nxc3 17. Kb3 Nd1 18. Rb1 Bxb1 19. Nxb1 Nf2 20. Rf1 Nd3 21. Be3 f5 22. Nc3 f4 23. Bg1 a6 24. Ne4 Ne5 25. Na5 Rd3+ 26.
Ka4 Kc7 27. Rc1 Rb8 28. c6 e6 29. Nc5 Rd2 30. Nxe6+ Kc8 31. Nxg7 Rxa2+ 32. Kb3 Rxa5 33. c7 Rb7 34. Ne8 Rd5 35. Bc5 Nd3 36. Kc4 Rxc5+ 37. bxc5 Nxc1 38. Kd5 Rxc7 39. c6 Kd8 40.
Nd6 Nb3 41. Nc4 1-0

[Event "Early-Titled-Tuesday-Blitz-December-26-2023"]
[Site "Chess.com"]
[Date "2023.12.26"]
[Round "9"]
[White "NowInChess"]
[Black "hsmile"]
[Result "1-0"]
[WhiteElo "2292"]
[BlackElo "2089"]
[TimeControl "180+1"]
[EndTime "9:45:42 PST"]
[Termination "NowInChess won on time"]

1. e4 Nf6 2. e5 Nd5 3. c4 Nb6 4. d4 d6 5. exd6 exd6 6. Nc3 Nc6 7. d5 Ne5 8. f4 Ned7 9. Nf3 Be7 10. b3 O-O 11. Bb2 Re8 12. Be2 Bf6 13. O-O Nc5 14.
Nd4 Bd7 15. Qd2 a5 16. Rae1 a4 17. b4 Ne4 18. Nxe4 Rxe4 19. a3 Qf8 20. Qd3 Rae8 21. Ba1 Re3 22. Ne6 fxe6 23. Qxe3 exd5 24. Qc1 Bxa1 25. Qxa1 dxc4 26. Qc3 d5 27. Bd1 c6 28. Bc2 Rxe1 29. Rxe1 Qxf4 30. Rf1 Qd6 31. Qf3 Be6 32. h3 d4 33. Qf2 h6 34. Be4 Nd5 35. Qxd4 c3 36.
Rd1 Qg3 37. Bc2 Bf7 38. Bxa4 1-0

[Event "Early-Titled-Tuesday-Blitz-December-26-2023"]
[Site "Chess.com"]
[Date "2023.12.26"]
[Round "9"]
[White "isaak2009"]
[Black "FelixBlohberger"]
[Result "1-0"]
[WhiteElo "2633"]
[BlackElo "2762"]
[TimeControl "180+1"]
[EndTime "9:45:43 PST"]
[Termination "isaak2009 won on time"]

1. e4 c6 2. d4 d5 3. e5 Bf5 4. Nc3 e6 5. g4 Bg6 6. Nge2 h6 7. Nf4 Bh7 8. h4 Ne7 9. h5 Nd7 10. Be3 Qc7 11. Bd3 Bxd3 12. Qxd3 a6 13. Nce2 c5 14. c3 Nc6 15. O-O Qb6 16. a3 c4 17. Qc2 Qb3 18. Qd2 Na5 19. Rab1 Be7 20. Ng2 O-O-O 21.
Ng3 Nf8 22. f4 Nh7 23. f5 Bg5 24. fxe6 fxe6 25. Rf7 Rd7 26. Rxd7 Kxd7 27. Rf1 Ke8 28. Nf4 Bxf4 29. Bxf4 Nc6 30. Qc1 Ne7 31. g5 hxg5 32. Bxg5 Nxg5 33. Qxg5 Qxb2 34. Rf3 Rf8 35. Rxf8+ Kxf8 36. h6 Qb1+ 37. Kg2 Qg6 38. hxg7+ Qxg7 39. Qh4 Ke8 40. Kh2 Ng6 41. Qg4 Qh7+ 42. Kg1 Ke7 43. Nh5 Nf8 44. Nf4 Qb1+ 45. Kf2 Qc2+ 46. Kg1 Qc1+ 47.
Kf2 Qd2+ 48. Ne2 1-0

[Event "Early-Titled-Tuesday-Blitz-December-26-2023"]
[Site "Chess.com"]
[Date "2023.12.26"]
[Round "9"]
[White "RebecaJimnz"]
[Black "Nasrin_Babayeva"]
[Result "0-1"]
[WhiteElo "2250"]
[BlackElo "1857"]
[TimeControl "180+1"]
[EndTime "9:45:43 PST"]
[Termination "Nasrin_Babayeva won on time"]

1. e4 Nc6 2. Nf3 d6 3. d4 Nf6 4.
Nc3 Bg4 5. Be3 e6 6. Be2 Be7 7. Qd2 O-O 8. h3 Bh5 9. O-O-O Bg6 10. Bd3 Nb4 11. Nh4 Nxe4 12. Bxe4 Bxh4 13. a3 Na2+ 14. Nxa2 Bxe4 15. Rhg1 f5 16. Nc3 Bd5 17. Nxd5 exd5 18. g4 f4 19. g5 fxe3 20. fxe3 Bxg5 21. Rg3 Rf7 22. Rdg1 Bh6 23. Qg2 c6 24. Kb1 Qe7 25. Qd2 Raf8 26. Qd3 Qe4 27. Qb3 Rf1+ 28. Rxf1 Rxf1+ 29.
Ka2 b6 30. Qa4 c5 31. Qxa7 cxd4 32. exd4 Qxd4 33. Rc3 Rf8 34. Qd7 Qe5 35. Rc7 d4 36. b3 d3 37. cxd3 Rf2+ 0-1

[Event "Early-Titled-Tuesday-Blitz-December-26-2023"]
[Site "Chess.com"]
[Date "2023.12.26"]
[Round "9"]
[White "Kirill_Klukin"]
[Black "Suleyman_Chess06"]
[Result "1-0"]
[WhiteElo "2831"]
[BlackElo "2627"]
[TimeControl "180+1"]
[EndTime "9:45:46 PST"]
[Termination "Kirill_Klukin won by resignation"]

1. d4 d5 2. c4 c6 3. Nc3 Nf6 4. Nf3 Bf5 5. Qb3 Qb6 6. c5 Qxb3 7. axb3 Na6 8. Na2 e6 9. Bf4 Be7 10. e3 Nb8 11. h3 Nbd7 12. b4 a6 13. Nc3 Rc8 14.
Nh4 Bc2 15. Kd2 Be4 16. f3 Nh5 17. fxe4 Bxh4 18. Bh2 Ng3 19. Bxg3 Bxg3 20. Bd3 O-O 21. Rhf1 Nf6 22. Rf3 Bc7 23. g4 dxe4 24. Nxe4 Nd5 25.
Ra4 Rcd8 26. Nc3 Ne7 27. Kc2 Rd7 28. Ra1 Rfd8 29. Bc4 Nd5 30. Bxd5 exd5 31. Kd3 Re7 32. Re1 Rde8 33. e4 f6 34. Re2 a5 35. exd5 Rxe2 36. Nxe2 axb4 37. d6 Ba5 38. Re3 Rxe3+ 39. Kxe3 Kf7 40.
Ke4 Ke6 41. Nf4+ Kd7 42. b3 Bd8 43. Nd3 Ba5 44. Kf5 Bd8 45. Nxb4 g6+ 46. Ke4 Ke6 47.
d5+ cxd5+ 48. Nxd5 f5+ 49. gxf5+ gxf5+ 50. Kd4 Bg5 51. b4 f4 52. h4 Bh6 53. Ke4 f3 54.
Nc7+ Kd7 55. Kxf3 Bd2 56. Nd5 h5 57. Ke4 Kc6 58. Kd4 Be1 59. Kc4 Bxh4 60. b5+ Kd7 61. Nb6+ Kd8 62. c6 bxc6 63. bxc6 Ke8 64. c7 Kf7 65. c8=Q Bf6 66. Qf5 h4 67. Nd5 h3 68.
Qxf6+ Kg8 69. d7 Kh7 1-0

[Event "Early-Titled-Tuesday-Blitz-December-26-2023"]
[Site "Chess.com"]
[Date "2023.12.26"]
[Round "9"]
[White "MrrRefrao"]
[Black "Witty_Alien"]
[Result "1-0"]
[WhiteElo "2550"]
[BlackElo "2446"]
[TimeControl "180+1"]
[EndTime "9:45:46 PST"]
[Termination "MrrRefrao won by checkmate"]

1. Nf3 Nf6 2. g3 g6 3. Bg2 Bg7 4. O-O O-O 5. d3 d6 6. e4 c5 7.
Nc3 Nc6 8. h3 a6 9. a4 Nb4 10.
Re1 e5 11. Bg5 h6 12. Bxf6 Bxf6 13. a5 Bg7 14. Nd2 f5 15. exf5 gxf5 16. Nc4 Be6 17. Bxb7 Ra7 18. Bg2 e4 19. Ne2 d5 20. Nf4 Bf7 21.
Ne3 Bxb2 22. Nxf5 Kh7 23. Rb1 Bc3 24. Re2 Qf6 25. dxe4 dxe4 26. Bxe4 Re8 27. Nd6+ Rxe4 28. Nxe4 Qg7 29. Nxc3 Qxc3 30. Qd6 Qg7 31. Qb6 Rd7 32.
Qxc5 Na2 33. Qf5+ Bg6 34. Nxg6 Rf7 35. Qd3 Qxg6 36. Qxg6+ Kxg6 37. Re3 Rc7 38. Rb2 Nc3 39. Rb6+ Kg5 40. Rxa6 Nd1 41. Re5# 1-0

[Event "Early-Titled-Tuesday-Blitz-December-26-2023"]
[Site "Chess.com"]
[Date "2023.12.26"]
[Round "9"]
[White "MANOJ_MISHRA123"]
[Black "C_K_G"]
[Result "0-1"]
[WhiteElo "2271"]
[BlackElo "2061"]
[TimeControl "180+1"]
[EndTime "9:45:46 PST"]
[Termination "C_K_G won by checkmate"]

1. d4 c5 2. d5 d6 3. Nf3 Nf6 4. b3 e6 5. c4 Be7 6. Bb2 O-O 7. g3 b5 8. Bg2 bxc4 9. bxc4 Ba6 10. Nbd2 exd5 11. Nh4 Nbd7 12. Nf5 Rb8 13. Rb1 dxc4 14. Ne4 d5 15. Ng5 d4 16. O-O c3 17. Ba1 h6 18.
Rxb8 Nxb8 19. Ne4 Nxe4 20. Bxe4 Bg5 21. Bb1 g6 22. Qc2 gxf5 23. Qxf5 d3 24. Bxc3 Qd7 25. Qe5 f6 26. Qe4 Re8 27. Qg6+ Kf8 28. exd3 Qg7 29. Qf5 Nc6 30. Qxc5+ Ne7 31. Re1 Qf7 32. f4 Bxf4 33.
gxf4 Bb7 34. d4 Qg7+ 35. Kf2 Qg2+ 36. Ke3 Kf7 37. Re2 Nd5+ 38. Kd3 Qxe2# 0-1

[Event "Early-Titled-Tuesday-Blitz-December-26-2023"]
[Site "Chess.com"]
[Date "2023.12.26"]
[Round "9"]
[White "YurasovMat-2012"]
[Black "KVAIDAN"]
[Result "1-0"]
[WhiteElo "2535"]
[BlackElo "2357"]
[TimeControl "180+1"]
[EndTime "9:45:50 PST"]
[Termination "YurasovMat-2012 won by checkmate"]

1. e4 e5 2. Nf3 d5 3. Nxe5 Bd6 4. d4 dxe4 5. Nc3 Bxe5 6. dxe5 Qxd1+ 7. Kxd1 Bf5 8. Bf4 Nc6 9. Bc4 Nge7 10. Ke1 Ng6 11. Bg3 Ngxe5 12. Bd5 O-O-O 13. Rd1 Rhe8 14. a3 f6 15. h3 Rd7 16. Bf4 Red8 17. g4 Ne7 18. Bb3 Rxd1+ 19. Nxd1 Nf3+ 20. Ke2 Bd7 21. Ke3 Bc6 22. Nc3 g5 23. Bg3 Nd4 24. h4 f5 25.
hxg5 fxg4 26. Rxh7 Nef5+ 27. Kf4 Nxg3 28. Kxg3 Rf8 29.
g6 Rf3+ 30. Kxg4 Bd7+ 31. Kh4 Rxf2 32. Rh8+ Be8 33. Rxe8+ Kd7 34. Rxe4 Nf5+ 35. Kh3 Rf1 36. Be6+ Kd6 37. Bxf5 Rg1 38. Rg4 Rf1 39. g7 Rxf5 40.
g8=Q c6 41. Rg6+ Kc5 42. b4+ Kb6 43. Qd8+ Ka6 44. Qd3+ Kb6 45. Qxf5 a6 46. Qc5+ Kc7 47. Rg7+ Kc8 48. Qf8# 1-0

[Event "Early-Titled-Tuesday-Blitz-December-26-2023"]
[Site "Chess.com"]
[Date "2023.12.26"]
[Round "9"]
[White "Barbix1"]
[Black "Hoshka"]
[Result "1-0"]
[WhiteElo "2288"]
[BlackElo "2046"]
[TimeControl "180+1"]
[EndTime "9:45:52 PST"]
[Termination "Barbix1 won on time"]

1. e4 e5 2. Nf3 Nc6 3. Bb5 a6 4. Ba4 Nf6 5. O-O Be7 6. c3 Nxe4 7. d4 exd4 8. Re1 Nc5 9. Bxc6 dxc6 10. Nxd4 O-O 11.
Qc2 Bf6 12. Be3 Ne6 13. Nf5 g6 14.
Ng3 Bg7 15. Nd2 b6 16. a4 a5 17. Rad1 Bb7 18. f4 Qc8 19. f5 Nd8 20. Rf1 Re8 21. Rde1 c5 22. f6 Bf8 23. Nde4 Ne6 24. Qf2 Qd7 25. h4 Qxa4 26. Bc1 Rad8 27. h5 Rd3 28.
hxg6 hxg6 29. Ng5 Nxg5 30. Bxg5 Rdd8 31. Ne2 Ba6 32. Nf4 Bxf1 33. Rxf1 Qd7 34. Qh4 Qf5 35.
Rf3 Rd1+ 36. Kh2 Bd6 37. Rh3 1-0

[Event "Early-Titled-Tuesday-Blitz-December-26-2023"]
[Site "Chess.com"]
[Date "2023.12.26"]
[Round "9"]
[White "Klavdia_Nik"]
[Black "Dewarfd"]
[Result "1-0"]
[WhiteElo "1992"]
[BlackElo "2077"]
[TimeControl "180+1"]
[EndTime "9:45:53 PST"]
[Termination "Klavdia_Nik won on time"]

1. Nf3 g6 2. c4 Bg7 3. Nc3 d6 4. h3 c6 5. e4 e5 6. d4 exd4 7. Nxd4 Nf6 8. Be3 O-O 9. Be2 Nbd7 10. O-O Re8 11. f3 a5 12. Qd2 Nc5 13. b3 a4 14.
b4 Ne6 15. a3 Nh5 16. Rfd1 Ng3 17. Bf1 Nxf1 18. Kxf1 Nxd4 19. Bxd4 Be6 20. Bxg7 Kxg7 21. Qd3 Qg5 22. Ne2 Rad8 23. Rac1 d5 24. Qd4+ Kg8 25.
cxd5 cxd5 26. e5 Rc8 27. f4 Qf5 28. Ng3 Rxc1 29. Nxf5 Rxd1+ 30. Qxd1 Bxf5 31. Qxa4 Rc8 32. g4 Rc1+ 33. Ke2 Rc2+ 34. Ke3 Be4 35. Qe8+ Kg7 36. e6 fxe6 37. Qe7+ Kg8 38. Qxe6+ Kg7 39. Qe7+ Kg8 40. f5 gxf5 41. gxf5 Rc3+ 42. Kd4 Rf3 43. f6 1-0

[Event "Early-Titled-Tuesday-Blitz-December-26-2023"]
[Site "Chess.com"]
[Date "2023.12.26"]
[Round "9"]
[White "Aradhya2000"]
[Black "rasmussvane"]
[Result "1-0"]
[WhiteElo "2733"]
[BlackElo "2909"]
[TimeControl "180+1"]
[EndTime "9:45:55 PST"]
[Termination "Aradhya2000 won by resignation"]

1. d4 d5 2. c4 e6 3. Nf3 a6 4.
Bg5 Be7 5. Bxe7 Nxe7 6. Nbd2 O-O 7. g3 Nd7 8. Rc1 b6 9. Bg2 Bb7 10. O-O c5 11. cxd5 Nxd5 12. Nc4 Qe7 13. Re1 Rfd8 14. e4 N5f6 15. d5 exd5 16. exd5 Qf8 17. Nh4 g6 18. d6 Bxg2 19. Kxg2 Rac8 20. Nf3 Rc6 21. Qb3 Rdc8 22. a4 Ne8 23. Re7 Rxd6 24. Rce1 Rd5 25. Nxb6 Nxb6 26.
Qxb6 Nd6 27. Qxa6 Rd8 28. Qe2 Nf5 29. Re8 Rxe8 30. Qxe8 c4 31. Qc6 Rc5 32. Qd7 Qd6 33.
Rd1 Qxd7 34. Rxd7 Ra5 35. Ng5 Rxa4 36. Nxf7 Rb4 37. Ne5 Rxb2 38. Nxc4 Rc2 39. Ne5 Re2 40. Ng4 h5 41. Nf6+ Kf8 42. Kf3 Ra2 43. Nh7+ Kg8 44.
Nf6+ Kf8 45. h4 Rb2 46. Ne4 Ne7 47. Kf4 Kf7 48. Kg5 Rb5+ 49. Kh6 Re5 50. Ng5+ Kf6 51. Rd6+ Kf5 52. f3 Re3 53. Kg7 Rb3 54. Rf6+ Ke5 55.
Re6+ Kf5 56. Rxe7 1-0

[Event "Early-Titled-Tuesday-Blitz-December-26-2023"]
[Site "Chess.com"]
[Date "2023.12.26"]
[Round "9"]
[White "Pastore1978"]
[Black "jcmesafischer"]
[Result "1-0"]
[WhiteElo "2208"]
[BlackElo "2316"]
[TimeControl "180+1"]
[EndTime "9:45:56 PST"]
[Termination "Pastore1978 won by checkmate"]

1. e4 c5 2. Nc3 d6 3. f4 Nc6 4. Nf3 a6 5. g3 g6 6. Bg2 Bg7 7. O-O b5 8. d3 Bb7 9. f5 Nf6 10. Bg5 Ne5 11. Nxe5 dxe5 12. Qf3 Qd6 13. Rae1 O-O-O 14. Be3 h6 15. Qf2 Nd7 16. a3 Bf6 17. Rb1 Bg5 18. Nd1 Bxe3 19. Nxe3 g5 20. b4 h5 21. c4 Qxd3 22. cxb5 Qxb5 23. bxc5 Qc6 24.
Nd5 Rhe8 25. Rfc1 Nf6 26. Rb6 Qa4 27. c6 Ba8 28. Rcb1 Nxd5 29. exd5 Qd4 30. Rxa6 Kc7 31.
Ra7+ Kd6 32. c7 Rc8 33. Rb6+ Kd7 34. Qxd4 exd4 35. d6 exd6 36. Bxa8 Rxa8 37. Rxa8 Rxa8 38. Rb8 Rxb8 39. cxb8=Q d3 40. Qb5+ Ke7 41. Qxd3 Kf6 42. Qd4+ Ke7 43. Qd5 f6 44. a4 Kf8 45. a5 Kg7 46. a6 h4 47. a7 hxg3 48. hxg3 Kh6 49. a8=Q Kh5 50. Qh8+ Kg4 51. Qd1+ Kxg3 52. Qh2# 1-0

[Event "Early-Titled-Tuesday-Blitz-December-26-2023"]
[Site "Chess.com"]
[Date "2023.12.26"]
[Round "9"]
[White "BilodeauA"]
[Black "frederiksvane"]
[Result "0-1"]
[WhiteElo "2889"]
[BlackElo "2973"]
[TimeControl "180+1"]
[EndTime "9:45:58 PST"]
[Termination "frederiksvane won by resignation"]

1. e4 e5 2. Nf3 Nc6 3. Bc4 Nf6 4.
d3 Bc5 5. h3 O-O 6. Nc3 a6 7.
a3 Re8 8. Be3 d6 9. Bxc5 dxc5 10.
O-O b6 11. Ng5 Rf8 12. a4 Qd6 13. Qd2 h6 14. Nf3 Be6 15. Bxe6 Qxe6 16. Nh4 Nd4 17.
f4 exf4 18. Nf3 Nxf3+ 19. Rxf3 c4 20. Rxf4 cxd3 21. cxd3 Rad8 22. Raf1 Nd7 23. d4 c6 24. Kh1 b5 25. axb5 axb5 26. d5 cxd5 27. exd5 Qb6 28. d6 Ne5 29. Ne4 Nc4 30. Nf6+ Kh8 31. Qd3 gxf6 32.
Rh4 Qe3 33. Qf5 Qg5 34. Qxf6+ Qxf6 35. Rxf6 Kg7 36. Rfxh6 Nxd6 37. R6h5 Rh8 38. Rg4+ Kf6 39. Rd5 Ke6 40. Rd1 Nc4 41. Re1+ Ne5 42. Rf4 f6 43.
Ref1 Rh6 44. Rb4 Rd5 45. Rbf4 Nd3 46. Re4+ Re5 47. Rxe5+ fxe5 48. Rf8 e4 49. Kg1 Rf6 50. Rb8 Kd5 51. Rxb5+ Kd4 52. Rb8 e3 53. Rd8+ Ke4 54. Re8+ Ne5 0-1